 Dungeon Crawl Stone Soup version 0.27.1-2-g3b301248ec (webtiles) character file.

Game seed: 106239025502668797

92 babuloseo the Slasher (level 4, 0/34 HPs)
             Began as a Human Gladiator on Sept 30, 2021.
             Slain by an iguana (11 damage)
             ... on level 4 of the Dungeon.
             The game lasted 00:01:49 (1873 turns).

babuloseo the Slasher (Human Gladiator)             Turns: 1873, Time: 00:01:50

Health: 0/34       AC:  2    Str: 16    XL:     4   Next: 90%
Magic:  4/4        EV: 12    Int:  8    God:
Gold:   30         SH:  0    Dex: 14    Spells: 3/3 levels left

rFire    . . .     SeeInvis .   a - +0 long sword
rCold    . . .     Faith    .   (no shield)
rNeg     . . .     Spirit   .   i - +0 ring mail
rPois    .         Reflect  .   c - +0 helmet
rElec    .         Harm     .   (no cloak)
rCorr    .         Rampage  .   (no gloves)
Will     .....                  (no boots)
Stlth    ..........             (no amulet)
HPRegen  0.11/turn              (no ring)
MPRegen  0.09/turn              (no ring)

@: silenced (expiring), corroded
A: no striking features
a: no special abilities


You were on level 4 of the Dungeon.
You visited 1 branch of the dungeon, and saw 4 of its levels.

You collected 30 gold pieces.

Inventory:

Hand Weapons
 a - a +0 long sword (weapon)
Missiles
 d - 4 throwing nets (quivered)
Armour
 b - a +0 leather armour
 c - a +0 helmet (worn)
 i - a +0 ring mail (worn)
Jewellery
 p - a +6 ring of intelligence
Scrolls
 e - a scroll of vulnerability {unknown}
 g - a scroll of acquirement {unknown}
 h - a scroll of identify {unknown}
 k - a scroll of teleportation {unknown}
 l - a scroll of enchant weapon {unknown}
 n - a scroll of amnesia {unknown}
Potions
 f - a potion of lignification {unknown}
 j - a potion of ambrosia {unknown}
 o - a potion of attraction {unknown}


   Skills:
 + Level 2.7 Fighting
 * Level 4.1 Long Blades
 - Level 2.1 Throwing
 + Level 3.7 Dodging


You had 3 spell levels left.
You didn't know any spells.
Your spell library was empty.

Dungeon Overview and Level Annotations

Branches:
Dungeon (4/15)
 Temple: D:4-7

Altars:


Message History

The jelly quivers.
Found a scroll labelled JOSMEPN UBLU.
There is a stone staircase leading up here.
Unknown command.
The jelly hits you but does no damage.
You slash the jelly!
Your hands burn!
The jelly is severely wounded.
A dart slug comes into view.
The jelly hits you but does no damage.
You hit the jelly. The acid corrodes you!
Your hands burn!
The jelly is almost dead.
The jelly barely misses you.
You riposte.
You slash the jelly!
You kill the jelly!
Your Long Blades skill increases to level 4!
Your ring mail prevents you from hitting the iguana.
The iguana misses you.
You riposte.
You hit the iguana but do no damage. You hit the iguana.
The iguana is lightly wounded.
The iguana barely misses you.
You hit the iguana but do no damage.
The iguana is lightly wounded.
The iguana closely misses you.
You riposte.
You barely miss the iguana.
The iguana is lightly wounded.
The iguana barely misses you.
You riposte.
You hit the iguana.
The iguana is moderately wounded.
You hit the iguana but do no damage.
The iguana is moderately wounded.
The iguana barely misses you.
You hit the iguana but do no damage.
The iguana is moderately wounded.
The dart slug launches a dart at you. The slug dart misses you.
The iguana bites you!
You closely miss the iguana.
The iguana is moderately wounded.
The iguana bites you!
The dart slug bites you but does no damage.
You hit the iguana.
The iguana is severely wounded.
The iguana bites you!
You die...

#..........
#.........#
#.......^.#
#.........#
#.........#
##........##
...........#
#...<...#
####@...#
#.wl.?..#
.......##..#
#.........
##..
..........#
..
..........#
#
..........#
...........


You could see an iguana and a dart slug.

Vanquished Creatures
  A jelly (D:4)
  A gnoll (D:1)
  2 adders
  2 dart slugs
  An orc (D:3)
  3 endoplasms
  2 giant cockroaches
  A hobgoblin (D:2)
  4 jackals (D:1)
  3 ball pythons
  3 bats
  2 goblins (D:1)
  7 kobolds
  A rat (D:1)
  A spectral goblin (D:3)
34 creatures vanquished.

Notes
Turn   | Place    | Note
-------+----------+-------------------------------------------
     0 | D:1      | babuloseo the Human Gladiator began the quest for the Orb.
     0 | D:1      | Reached XP level 1. HP: 16/16 MP: 1/1
    25 | D:1      | Reached XP level 2. HP: 3/22 MP: 2/2
   769 | D:1      | Reached XP level 3. HP: 27/27 MP: 3/3
  1380 | D:2      | Reached XP level 4. HP: 28/34 MP: 4/4
  1866 | D:4      | Reached skill level 4 in Long Blades
  1873 | D:4      | Slain by an iguana

Illustrated notes

Levels and vault maps discovered:
D:1:      dpeg_arrival_shrine, layout_basic
D:2:      layout_basic
D:3:      layout_basic, dreamdust_ecumenical_altar_drowned_temple, serial_shops,
          nicolae_shop_crystal, corner_web_ring, grunt_decor_fettered,
          uniq_jessica, uniq_sigmund
D:4:      kennysheep_the_goblin_king, layout_cave_pods, temple_statues,
          serial_shops, nicolae_shop_behind_doors,
          chequers_serial_rivers_small_a

Skill      XL: |  1  2  3  4 |
---------------+-------------+-----
Long Blades    | 4 |  4.1
Fighting       | |  2.7
Throwing       | |  2.1
Dodging        | |  3.7

Action                   |  1- 3 |  4- 6 || total
-------------------------+-------+-------++-------
Melee: Long sword        |    65 |    27 ||    92
Throw: Throwing net      |     2 |       ||     2
  Use: Scroll            |       |     2 ||     2
Armor: Leather armour    |     6 |       ||     6
       Ring mail         |     9 |    11 ||    20
Dodge: Dodged            |    51 |    23 ||    74
       Rpst.: Long sword |    10 |     9 ||    19
